Workbook

Sheet Méthode
B2: Méthode de (ré)orientation de son existence :
B4: Cause ton histoire, rêve, renoue, c'est les 6 nages d'action pour la négo :
B6: 1/ Choisis la Cause dans le monde à laquelle tu souhaites te consacrer
B8: 2/ Récite ton histoire avec l'impact de cette cause sur ta vie
B10: 3/ Réévalue tes activités
B12: 4/ Repense tes activités et inclus des nouvelles pour ta cause et pour toi
B14: 5/ Sélectionne les activités qui optimisent actions pour ta cause et actions pour tes besoins persos
B16: 6/ Challenge tes activités pour qu'il y ait de la synergie avec ta cause et tes activités persos
B18: 7/ Ajuste
B20: 8/ Fais un plan d'action
B22: 9/ Prépare toi pour la Négociation avec ceux et celles qui impactent et sont impactés par ce que tu fais

Sheet 1-2) Ma cause et mon histoire
A1: Problèmes sur lesquels je souhaite agir | B1: Ordre de priorité | C1: Cause racine du problème | D1: Cause positive associée | E1: Mon histoire :
A2: Réchauffement climatique | B2: 1 | C2: Surproduction de gaz à effet de serre et manque de captage de celui-ci | D2: Santé climatique | E2: 1/ je suis issu d'un milieu de petits paysans et d'ouvriers dans les monts du Lyonnais, j'étais un cancre au collège et je suis devenu carrossier peintre parce que je kiffais les bagnoles et que j'étais pas assez intélligent pour être mécanicien. 2/ J'ai lu mon premier livre suite à une interview d'un auteur à la télévision, à la fin du livre, j'ai eu le besoin de faire quelque chose de mon existence, d'échapper à ma condition. 3/ Un fort désir d'ascenssion sociale m'a animé pendant 10 ans et m'a mener à des études d'ingénieur et un poste de directeur d'usine à Dubaï. 4/ Touchée par les conditions de vie des travailleurs et les abus écologiques, j'étais au coeur d'une ambivalance profonde entre ancien ouvrier et nouveau dirigeant, je décide à mon retour en France d'aider à l'essor du syndicalisme transnationnal en rejoignant bénévolement une association de défense des droits des travailleurs, le ReAct Transnationnal dont j'ai été président 2 ans. Et puis en 2020 suite à la lecture du rapport du Giec, je finis de prendre conscience que l'écologie est le combat du siècle pour que la vie sur terre soit toujours possible au delà du millénaire. 5/ Je rejoins l'Alliance Citoyenne, une asso de défense des droits humains, pour mener des campagnes avec des habitants de passoires thermiques pour accélérer les travaux de rénovations énérgétiquees dans les HLM. 6/ L'inertie des propriétaires et des gestionnaires sont un obstacle au défi de la transition écologique de l'habitat, c'est pourquoi j'ai appuyé des familles payeuses de loyers et de chauffages exorbitants dans leur mobilisation dans des actions directes non-violentes auprès de leurs bailleurs pour obtenir des travaux et cela a marché pour 5 quartiers à Villeurbanne. 7/ pour moi c'était une révélation, on pouvait impacter des décideurs par la construction de syndicats d'action directe. Et si on étendais cette méthodologie à toutes les communautés dont les intérêts directs convergent avec ceux de l'écologie et si elles s'unissaient ? L'écosyndicalisme d'action directe est peut-être la solution à la crise écologique...
A3: Condition animale et humaine | B3: 2 | C3: Manque de lois pour protéger les animaux et les humains des abus des institutions sur leur santé | D3: Ecosocialisme et ecosyndicats
A4: Pollution | B4: 3 | C4: Gaspillage et manque de captage de la pollution | D4: Régénération et purification de l'air, de l'eau, des terres
A5: Destruction abusive des forêts et des mers | B5: 4 | C5: Manque de lois pour protéger la nature des abus des institutions humaines qui l'exploite | D5: Respect de la vie biologique

Sheet 3) Réévaluation des activités
A1: ="Somme des notes = "&SUM(C4,E4,G4,I4,K4,M4,O4,Q4,S4)&" pour une activité sur temps de veille disponible de :" -> Somme des notes = 198 pour une activité sur temps de veille disponible de : | B1: =SUM(B6:B89)/((24-7-3)*365) -> 0.57436399 | C1: Besoin du monde | E1: Niveau d'impact sur besoins individuel
A2: ="rendement existentiel = "&ROUND(SUM(C4,E4,G4,I4,K4,M4,O4,Q4,S4)/B3*1000*B1,0)&" %" -> rendement existentiel = 39 % | B2: Heures consacrées en moyenne par an | C2: ="Impact sur "&'1-2) Ma cause et mon histoire'!$D$2 -> Impact sur Santé climatique | E2: santé | G2: économique | I2: affectif | K2: sexuel | M2: reconnaissance sociale | O2: transmission | Q2: transformation | S2: création
A3: Mes activités productives actuelles | B3: =SUM(B6:B109) -> 2935 | C3: Tot. | D3: pond. | E3: Tot. | F3: pond. | G3: Tot. | H3: pond. | I3: Tot. | J3: pond. | K3: Tot. | L3: pond. | M3: Tot. | N3: pond. | O3: Tot. | P3: pond. | Q3: Tot. | R3: pond. | S3: Tot. | T3: pond.
C4: =SUM(C6:C109) -> 7 | D4: =SUM(D6:D109) -> 1.9591141 | E4: =SUM(E6:E109) -> 29 | F4: =SUM(F6:F109) -> 1.2572402 | G4: =SUM(G6:G109) -> 14 | H4: =SUM(H6:H109) -> 1.8143101 | I4: =SUM(I6:I109) -> 15 | J4: =SUM(J6:J109) -> 1.3424191 | ... T4: =SUM(T6:T109) -> 1.0664395
B5: Rang : | C5: =RANK(D4,($D4,$F4,$H4,$J4,$L4,$N4,$P4,$R4,$T4),0) -> 4 | E5: =RANK(F4,($D4,$F4,$H4,$J4,$L4,$N4,$P4,$R4,$T4),0) -> 8 | G5: =RANK(H4,($D4,$F4,$H4,$J4,$L4,$N4,$P4,$R4,$T4),0) -> 5 | I5: =RANK(J4,($D4,$F4,$H4,$J4,$L4,$N4,$P4,$R4,$T4),0) -> 7 | K5: =RANK(L4,($D4,$F4,$H4,$J4,$L4,$N4,$P4,$R4,$T4),0) -> 6 | M5: =RANK(N4,($D4,$F4,$H4,$J4,$L4,$N4,$P4,$R4,$T4),0) -> 3 | O5: =RANK(P4,($D4,$F4,$H4,$J4,$L4,$N4,$P4,$R4,$T4),0) -> 1 | Q5: =RANK(R4,($D4,$F4,$H4,$J4,$L4,$N4,$P4,$R4,$T4),0) -> 2 | S5: =RANK(T4,($D4,$F4,$H4,$J4,$L4,$N4,$P4,$R4,$T4),0) -> 9
A6: Sport en salle | B6: 100 | D6: =IF(C6<>"",$B6/$B$3*C6,"") | E6: 8 | F6: =IF(E6<>"",$B6/$B$3*E6,"") -> 0.2725724 | H6: =IF(G6<>"",$B6/$B$3*G6,"") | J6: =IF(I6<>"",$B6/$B$3*I6,"") | K6: 5 | L6: =IF(K6<>"",$B6/$B$3*K6,"") -> 0.17035775 | N6: =IF(M6<>"",$B6/$B$3*M6,"") | P6: =IF(O6<>"",$B6/$B$3*O6,"") | R6: =IF(Q6<>"",$B6/$B$3*Q6,"") | T6: =IF(S6<>"",$B6/$B$3*S6,"")
A7: Vélo | B7: 200 | C7: 1 | D7: =IF(C7<>"",$B7/$B$3*C7,"") -> 0.068143101 | E7: 10 | F7: =IF(E7<>"",$B7/$B$3*E7,"") -> 0.68143101 | H7: =IF(G7<>"",$B7/$B$3*G7,"") | J7: =IF(I7<>"",$B7/$B$3*I7,"") | K7: 4 | L7: =IF(K7<>"",$B7/$B$3*K7,"") -> 0.2725724 | M7: 3 | N7: =IF(M7<>"",$B7/$B$3*M7,"") -> 0.2044293 | P7: =IF(O7<>"",$B7/$B$3*O7,"") | R7: =IF(Q7<>"",$B7/$B$3*Q7,"") | T7: =IF(S7<>"",$B7/$B$3*S7,"")
A8: Prof de management de projet en école d'ingénieur | B8: 50 | D8: =IF(C8<>"",$B8/$B$3*C8,"") | F8: =IF(E8<>"",$B8/$B$3*E8,"") | G8: 2 | H8: =IF(G8<>"",$B8/$B$3*G8,"") -> 0.03407155 | J8: =IF(I8<>"",$B8/$B$3*I8,"") | L8: =IF(K8<>"",$B8/$B$3*K8,"") | M8: 5 | N8: =IF(M8<>"",$B8/$B$3*M8,"") -> 0.085178876 | O8: 6 | P8: =IF(O8<>"",$B8/$B$3*O8,"") -> 0.10221465 | R8: =IF(Q8<>"",$B8/$B$3*Q8,"") | T8: =IF(S8<>"",$B8/$B$3*S8,"")
A9: Coach de vie | B9: 200 | D9: =IF(C9<>"",$B9/$B$3*C9,"") | F9: =IF(E9<>"",$B9/$B$3*E9,"") | G9: 1 | H9: =IF(G9<>"",$B9/$B$3*G9,"") -> 0.068143101 | J9: =IF(I9<>"",$B9/$B$3*I9,"") | L9: =IF(K9<>"",$B9/$B$3*K9,"") | M9: 4 | N9: =IF(M9<>"",$B9/$B$3*M9,"") -> 0.2725724 | O9: 5 | P9: =IF(O9<>"",$B9/$B$3*O9,"") -> 0.3407155 | R9: =IF(Q9<>"",$B9/$B$3*Q9,"") | T9: =IF(S9<>"",$B9/$B$3*S9,"")
A10: Management d'une équipe d'organisation sociale | B10: =2*5*47 -> 470 | D10: =IF(C10<>"",$B10/$B$3*C10,"") | F10: =IF(E10<>"",$B10/$B$3*E10,"") | G10: 1 | H10: =IF(G10<>"",$B10/$B$3*G10,"") -> 0.16013629 | J10: =IF(I10<>"",$B10/$B$3*I10,"") | L10: =IF(K10<>"",$B10/$B$3*K10,"") | M10: 5 | N10: =IF(M10<>"",$B10/$B$3*M10,"") -> 0.80068143 | P10: =IF(O10<>"",$B10/$B$3*O10,"") | R10: =IF(Q10<>"",$B10/$B$3*Q10,"") | T10: =IF(S10<>"",$B10/$B$3*S10,"")
A11: Militantisme pour le syndicalisme transnational des travailleurs | B11: =20*3 -> 60 | D11: =IF(C11<>"",$B11/$B$3*C11,"") | F11: =IF(E11<>"",$B11/$B$3*E11,"") | H11: =IF(G11<>"",$B11/$B$3*G11,"") | J11: =IF(I11<>"",$B11/$B$3*I11,"") | L11: =IF(K11<>"",$B11/$B$3*K11,"") | M11: 2 | N11: =IF(M11<>"",$B11/$B$3*M11,"") -> 0.04088586 | P11: =IF(O11<>"",$B11/$B$3*O11,"") | Q11: 2 | R11: =IF(Q11<>"",$B11/$B$3*Q11,"") -> 0.04088586 | S11: 1 | T11: =IF(S11<>"",$B11/$B$3*S11,"") -> 0.02044293
A12: Appuyer les syndicats des femmes musulmanes | B12: =10*52 -> 520 | D12: =IF(C12<>"",$B12/$B$3*C12,"") | F12: =IF(E12<>"",$B12/$B$3*E12,"") | G12: 3 | H12: =IF(G12<>"",$B12/$B$3*G12,"") -> 0.53151618 | I12: 2 | J12: =IF(I12<>"",$B12/$B$3*I12,"") -> 0.35434412 | K12: 1 | L12: =IF(K12<>"",$B12/$B$3*K12,"") -> 0.17717206 | M12: -5 | N12: =IF(M12<>"",$B12/$B$3*M12,"") -> -0.88586031 | O12: 3 | P12: =IF(O12<>"",$B12/$B$3*O12,"") -> 0.53151618 | Q12: 5 | R12: =IF(Q12<>"",$B12/$B$3*Q12,"") -> 0.88586031 | S12: 1 | T12: =IF(S12<>"",$B12/$B$3*S12,"") -> 0.17717206
A13: Appuyer les syndicats de locataires | B13: =25*37 -> 925 | C13: 6 | D13: =IF(C13<>"",$B13/$B$3*C13,"") -> 1.890971 | F13: =IF(E13<>"",$B13/$B$3*E13,"") | G13: 3 | H13: =IF(G13<>"",$B13/$B$3*G13,"") -> 0.94548552 | I13: 2 | J13: =IF(I13<>"",$B13/$B$3*I13,"") -> 0.63032368 | K13: 1 | L13: =IF(K13<>"",$B13/$B$3*K13,"") -> 0.31516184 | M13: 5 | N13: =IF(M13<>"",$B13/$B$3*M13,"") -> 1.5758092 | O13: 7 | P13: =IF(O13<>"",$B13/$B$3*O13,"") -> 2.2061329 | Q13: 8 | R13: =IF(Q13<>"",$B13/$B$3*Q13,"") -> 2.5212947 | S13: 2 | T13: =IF(S13<>"",$B13/$B$3*S13,"") -> 0.63032368
A14: Appuyer les syndicats de travailleurs | B14: 50 | D14: =IF(C14<>"",$B14/$B$3*C14,"") | F14: =IF(E14<>"",$B14/$B$3*E14,"") | G14: 3 | H14: =IF(G14<>"",$B14/$B$3*G14,"") -> 0.051107325 | I14: 1 | J14: =IF(I14<>"",$B14/$B$3*I14,"") -> 0.017035775 | K14: 1 | L14: =IF(K14<>"",$B14/$B$3*K14,"") -> 0.017035775 | M14: 5 | N14: =IF(M14<>"",$B14/$B$3*M14,"") -> 0.085178876 | O14: 4 | P14: =IF(O14<>"",$B14/$B$3*O14,"") -> 0.068143101 | Q14: 3 | R14: =IF(Q14<>"",$B14/$B$3*Q14,"") -> 0.051107325 | S14: 1 | T14: =IF(S14<>"",$B14/$B$3*S14,"") -> 0.017035775
A15: Dringues (soirée avec mélange de fête et de drague) | B15: 100 | D15: =IF(C15<>"",$B15/$B$3*C15,"") | E15: 3 | F15: =IF(E15<>"",$B15/$B$3*E15,"") -> 0.10221465 | H15: =IF(G15<>"",$B15/$B$3*G15,"") | I15: 5 | J15: =IF(I15<>"",$B15/$B$3*I15,"") -> 0.17035775 | K15: 6 | L15: =IF(K15<>"",$B15/$B$3*K15,"") -> 0.2044293 | M15: 3 | N15: =IF(M15<>"",$B15/$B$3*M15,"") -> 0.10221465 | O15: 1 | P15: =IF(O15<>"",$B15/$B$3*O15,"") -> 0.03407155 | R15: =IF(Q15<>"",$B15/$B$3*Q15,"") | T15: =IF(S15<>"",$B15/$B$3*S15,"")
A16: Dates et histoires amoureuses | B16: 100 | D16: =IF(C16<>"",$B16/$B$3*C16,"") | E16: 5 | F16: =IF(E16<>"",$B16/$B$3*E16,"") -> 0.17035775 | H16: =IF(G16<>"",$B16/$B$3*G16,"") | I16: 5 | J16: =IF(I16<>"",$B16/$B$3*I16,"") -> 0.17035775 | K16: 8 | L16: =IF(K16<>"",$B16/$B$3*K16,"") -> 0.2725724 | M16: 1 | N16: =IF(M16<>"",$B16/$B$3*M16,"") -> 0.03407155 | O16: 1 | P16: =IF(O16<>"",$B16/$B$3*O16,"") -> 0.03407155 | R16: =IF(Q16<>"",$B16/$B$3*Q16,"") | T16: =IF(S16<>"",$B16/$B$3*S16,"")
A17: Développer mon blog | B17: 70 | D17: =IF(C17<>"",$B17/$B$3*C17,"") | F17: =IF(E17<>"",$B17/$B$3*E17,"") | G17: 1 | H17: =IF(G17<>"",$B17/$B$3*G17,"") -> 0.023850085 | J17: =IF(I17<>"",$B17/$B$3*I17,"") | L17: =IF(K17<>"",$B17/$B$3*K17,"") | M17: 3 | N17: =IF(M17<>"",$B17/$B$3*M17,"") -> 0.071550256 | O17: 8 | P17: =IF(O17<>"",$B17/$B$3*O17,"") -> 0.19080068 | Q17: 1 | R17: =IF(Q17<>"",$B17/$B$3*Q17,"") -> 0.023850085 | S17: 8 | T17: =IF(S17<>"",$B17/$B$3*S17,"") -> 0.19080068
A18: Lire des livres | B18: 30 | D18: =IF(C18<>"",$B18/$B$3*C18,"") | E18: 3 | F18: =IF(E18<>"",$B18/$B$3*E18,"") -> 0.030664395 | H18: =IF(G18<>"",$B18/$B$3*G18,"") | J18: =IF(I18<>"",$B18/$B$3*I18,"") | K18: 1 | L18: =IF(K18<>"",$B18/$B$3*K18,"") -> 0.010221465 | M18: 2 | N18: =IF(M18<>"",$B18/$B$3*M18,"") -> 0.02044293 | P18: =IF(O18<>"",$B18/$B$3*O18,"") | R18: =IF(Q18<>"",$B18/$B$3*Q18,"") | S18: 3 | T18: =IF(S18<>"",$B18/$B$3*S18,"") -> 0.030664395
A19: Chant | B19: =2*30 -> 60 | D19: =IF(C19<>"",$B19/$B$3*C19,"") | F19: =IF(E19<>"",$B19/$B$3*E19,"") | H19: =IF(G19<>"",$B19/$B$3*G19,"") | J19: =IF(I19<>"",$B19/$B$3*I19,"") | L19: =IF(K19<>"",$B19/$B$3*K19,"") | M19: 1 | N19: =IF(M19<>"",$B19/$B$3*M19,"") -> 0.02044293 | O19: 2 | P19: =IF(O19<>"",$B19/$B$3*O19,"") -> 0.04088586 | R19: =IF(Q19<>"",$B19/$B$3*Q19,"") | T19: =IF(S19<>"",$B19/$B$3*S19,"")
D20: =IF(C20<>"",$B20/$B$3*C20,"") | F20: =IF(E20<>"",$B20/$B$3*E20,"") | H20: =IF(G20<>"",$B20/$B$3*G20,"") | J20: =IF(I20<>"",$B20/$B$3*I20,"") | L20: =IF(K20<>"",$B20/$B$3*K20,"") | N20: =IF(M20<>"",$B20/$B$3*M20,"") | P20: =IF(O20<>"",$B20/$B$3*O20,"") | R20: =IF(Q20<>"",$B20/$B$3*Q20,"") | T20: =IF(S20<>"",$B20/$B$3*S20,"")
D21: =IF(C21<>"",$B21/$B$3*C21,"") | F21: =IF(E21<>"",$B21/$B$3*E21,"") | H21: =IF(G21<>"",$B21/$B$3*G21,"") | J21: =IF(I21<>"",$B21/$B$3*I21,"") | L21: =IF(K21<>"",$B21/$B$3*K21,"") | N21: =IF(M21<>"",$B21/$B$3*M21,"") | P21: =IF(O21<>"",$B21/$B$3*O21,"") | R21: =IF(Q21<>"",$B21/$B$3*Q21,"") | T21: =IF(S21<>"",$B21/$B$3*S21,"")
D22: =IF(C22<>"",$B22/$B$3*C22,"") | F22: =IF(E22<>"",$B22/$B$3*E22,"") | H22: =IF(G22<>"",$B22/$B$3*G22,"") | J22: =IF(I22<>"",$B22/$B$3*I22,"") | L22: =IF(K22<>"",$B22/$B$3*K22,"") | N22: =IF(M22<>"",$B22/$B$3*M22,"") | P22: =IF(O22<>"",$B22/$B$3*O22,"") | R22: =IF(Q22<>"",$B22/$B$3*Q22,"") | T22: =IF(S22<>"",$B22/$B$3*S22,"")
D23: =IF(C23<>"",$B23/$B$3*C23,"") | F23: =IF(E23<>"",$B23/$B$3*E23,"") | H23: =IF(G23<>"",$B23/$B$3*G23,"") | J23: =IF(I23<>"",$B23/$B$3*I23,"") | L23: =IF(K23<>"",$B23/$B$3*K23,"") | N23: =IF(M23<>"",$B23/$B$3*M23,"") | P23: =IF(O23<>"",$B23/$B$3*O23,"") | R23: =IF(Q23<>"",$B23/$B$3*Q23,"") | T23: =IF(S23<>"",$B23/$B$3*S23,"")
D24: =IF(C24<>"",$B24/$B$3*C24,"") | F24: =IF(E24<>"",$B24/$B$3*E24,"") | H24: =IF(G24<>"",$B24/$B$3*G24,"") | J24: =IF(I24<>"",$B24/$B$3*I24,"") | L24: =IF(K24<>"",$B24/$B$3*K24,"") | N24: =IF(M24<>"",$B24/$B$3*M24,"") | P24: =IF(O24<>"",$B24/$B$3*O24,"") | R24: =IF(Q24<>"",$B24/$B$3*Q24,"") | T24: =IF(S24<>"",$B24/$B$3*S24,"")
D25: =IF(C25<>"",$B25/$B$3*C25,"") | F25: =IF(E25<>"",$B25/$B$3*E25,"") | H25: =IF(G25<>"",$B25/$B$3*G25,"") | J25: =IF(I25<>"",$B25/$B$3*I25,"") | L25: =IF(K25<>"",$B25/$B$3*K25,"") | N25: =IF(M25<>"",$B25/$B$3*M25,"") | P25: =IF(O25<>"",$B25/$B$3*O25,"") | R25: =IF(Q25<>"",$B25/$B$3*Q25,"") | T25: =IF(S25<>"",$B25/$B$3*S25,"")
D26: =IF(C26<>"",$B26/$B$3*C26,"") | F26: =IF(E26<>"",$B26/$B$3*E26,"") | H26: =IF(G26<>"",$B26/$B$3*G26,"") | J26: =IF(I26<>"",$B26/$B$3*I26,"") | L26: =IF(K26<>"",$B26/$B$3*K26,"") | N26: =IF(M26<>"",$B26/$B$3*M26,"") | P26: =IF(O26<>"",$B26/$B$3*O26,"") | R26: =IF(Q26<>"",$B26/$B$3*Q26,"") | T26: =IF(S26<>"",$B26/$B$3*S26,"")

Sheet 4-5) Réorganisation possible
A1: ="Somme des notes = "&SUM(C7,E7,74,I7,K7,M7,O7,Q7,S7)&" pour une activité sur temps de veille disponible de :" -> Somme des notes = 467 pour une activité sur temps de veille disponible de : | B1: =SUM(B9:B95)/((24-7-3)*365) -> 1.5988258 | C1: Besoin du monde | E1: Niveau d'impact sur mes besoins individuels
A2: ="rendement existentiel surcumulé = "&ROUND(SUM(C7,E7,G7,I7,K7,M7,O7,Q7,S7)/B6*1000*B1,0)&" %" -> rendement existentiel surcumulé = 82 % | B2: Heures consacrées en moyenne par an | C2: ="Impact sur "&'1-2) Ma cause et mon histoire'!$D$2 -> Impact sur Santé climatique | E2: santé | G2: économique | I2: affectif | K2: sexuel | M2: reconnaissance sociale | O2: transmission | Q2: transformation | S2: création
A3: Mes activités productives actuelles : | B3: ='3) Réévaluation des activités'!B3:B4 -> 2935 | C3: Tot. | D3: pond. | E3: Tot. | F3: pond. | G3: Tot. | H3: pond. | I3: Tot. | J3: pond. | K3: Tot. | L3: pond. | M3: Tot. | N3: pond. | O3: Tot. | P3: pond. | Q3: Tot. | R3: pond. | S3: Tot. | T3: pond.
C4: ='3) Réévaluation des activités'!C4 -> 7 | D4: ='3) Réévaluation des activités'!D4 -> 1.9591141 | E4: ='3) Réévaluation des activités'!E4 -> 29 | F4: ='3) Réévaluation des activités'!F4 -> 1.2572402 | G4: ='3) Réévaluation des activités'!G4 -> 14 | H4: ='3) Réévaluation des activités'!H4 -> 1.8143101 | I4: ='3) Réévaluation des activités'!I4 -> 15 | J4: ='3) Réévaluation des activités'!J4 -> 1.3424191 | ... T4: ='3) Réévaluation des activités'!T4 -> 1.0664395
B5: Rang : | C5: ='3) Réévaluation des activités'!C5:D5 -> 4 | E5: ='3) Réévaluation des activités'!E5:F5 -> 8 | G5: ='3) Réévaluation des activités'!G5:H5 -> 5 | I5: ='3) Réévaluation des activités'!I5:J5 -> 7 | K5: ='3) Réévaluation des activités'!K5:L5 -> 6 | M5: ='3) Réévaluation des activités'!M5:N5 -> 3 | O5: ='3) Réévaluation des activités'!O5:P5 -> 1 | Q5: ='3) Réévaluation des activités'!Q5:R5 -> 2 | S5: ='3) Réévaluation des activités'!S5:T5 -> 9
A6: Toutes mes activités productives possibles (copier, réadapter, rajouter des activités) | B6: =SUM(B9:B115) -> 8170 | C6: Tot. | D6: pond. | E6: Tot. | F6: pond. | G6: Tot. | H6: pond. | I6: Tot. | J6: pond. | K6: Tot. | L6: pond. | M6: Tot. | N6: pond. | O6: Tot. | P6: pond. | Q6: Tot. | R6: pond. | S6: Tot. | T6: pond.
C7: =SUM(C9:C115) -> 55 | D7: =SUM(D9:D115) -> 3.6221542 | E7: =SUM(E9:E115) -> 41 | F7: =SUM(F9:F115) -> 0.52631579 | G7: =SUM(G9:G115) -> 25 | H7: =SUM(H9:H115) -> 3.2526316 | I7: =SUM(I9:I115) -> 43 | J7: =SUM(J9:J115) -> 3.2577723 | ... T7: =SUM(T9:T115) -> 2.2465116
B8: Rang : | C8: =RANK(D7,($D7,$F7,$H7,$J7,$L7,$N7,$P7,$R7,$T7),0) -> 3 | E8: =RANK(F7,($D7,$F7,$H7,$J7,$L7,$N7,$P7,$R7,$T7),0) -> 9 | G8: =RANK(H7,($D7,$F7,$H7,$J7,$L7,$N7,$P7,$R7,$T7),0) -> 6 | I8: =RANK(J7,($D7,$F7,$H7,$J7,$L7,$N7,$P7,$R7,$T7),0) -> 5 | K8: =RANK(L7,($D7,$F7,$H7,$J7,$L7,$N7,$P7,$R7,$T7),0) -> 8 | M8: =RANK(N7,($D7,$F7,$H7,$J7,$L7,$N7,$P7,$R7,$T7),0) -> 4 | O8: =RANK(P7,($D7,$F7,$H7,$J7,$L7,$N7,$P7,$R7,$T7),0) -> 1 | Q8: =RANK(R7,($D7,$F7,$H7,$J7,$L7,$N7,$P7,$R7,$T7),0) -> 2 | S8: =RANK(T7,($D7,$F7,$H7,$J7,$L7,$N7,$P7,$R7,$T7),0) -> 7 | U8: ∑
A9: Sport en salle | B9: 100 | D9: =IF(C9<>"",$B9/$B$6*C9,"") | E9: 8 | F9: =IF(E9<>"",$B9/$B$6*E9,"") -> 0.097919217 | H9: =IF(G9<>"",$B9/$B$6*G9,"") | J9: =IF(I9<>"",$B9/$B$6*I9,"") | K9: 5 | L9: =IF(K9<>"",$B9/$B$6*K9,"") -> 0.06119951 | N9: =IF(M9<>"",$B9/$B$6*M9,"") | P9: =IF(O9<>"",$B9/$B$6*O9,"") | R9: =IF(Q9<>"",$B9/$B$6*Q9,"") | T9: =IF(S9<>"",$B9/$B$6*S9,"") | U9: =SUM(C9:T9) -> 13.159119
A10: Cyclisme | B10: 200 | C10: 1 | D10: =IF(C10<>"",$B10/$B$6*C10,"") -> 0.024479804 | E10: 10 | F10: =IF(E10<>"",$B10/$B$6*E10,"") -> 0.24479804 | H10: =IF(G10<>"",$B10/$B$6*G10,"") | J10: =IF(I10<>"",$B10/$B$6*I10,"") | K10: 4 | L10: =IF(K10<>"",$B10/$B$6*K10,"") -> 0.097919217 | M10: 3 | N10: =IF(M10<>"",$B10/$B$6*M10,"") -> 0.073439412 | P10: =IF(O10<>"",$B10/$B$6*O10,"") | R10: =IF(Q10<>"",$B10/$B$6*Q10,"") | T10: =IF(S10<>"",$B10/$B$6*S10,"") | U10: =SUM(C10:T10) -> 18.440636
A11: Prof de management de projet en école d'ingénieur | B11: 50 | D11: =IF(C11<>"",$B11/$B$6*C11,"") | F11: =IF(E11<>"",$B11/$B$6*E11,"") | G11: 2 | H11: =IF(G11<>"",$B11/$B$6*G11,"") -> 0.012239902 | J11: =IF(I11<>"",$B11/$B$6*I11,"") | L11: =IF(K11<>"",$B11/$B$6*K11,"") | M11: 5 | N11: =IF(M11<>"",$B11/$B$6*M11,"") -> 0.030599755 | O11: 6 | P11: =IF(O11<>"",$B11/$B$6*O11,"") -> 0.036719706 | R11: =IF(Q11<>"",$B11/$B$6*Q11,"") | T11: =IF(S11<>"",$B11/$B$6*S11,"") | U11: =SUM(C11:T11) -> 13.079559
A12: Coach de vie | B12: 100 | D12: =IF(C12<>"",$B12/$B$6*C12,"") | F12: =IF(E12<>"",$B12/$B$6*E12,"") | G12: 1 | H12: =IF(G12<>"",$B12/$B$6*G12,"") -> 0.012239902 | J12: =IF(I12<>"",$B12/$B$6*I12,"") | L12: =IF(K12<>"",$B12/$B$6*K12,"") | M12: 4 | N12: =IF(M12<>"",$B12/$B$6*M12,"") -> 0.048959608 | O12: 5 | P12: =IF(O12<>"",$B12/$B$6*O12,"") -> 0.06119951 | R12: =IF(Q12<>"",$B12/$B$6*Q12,"") | T12: =IF(S12<>"",$B12/$B$6*S12,"") | U12: =SUM(C12:T12) -> 10.122399
A13: management d'une équipe d'organisation sociale | B13: =2*5*47 -> 470 | D13: =IF(C13<>"",$B13/$B$6*C13,"") | F13: =IF(E13<>"",$B13/$B$6*E13,"") | G13: 1 | H13: =IF(G13<>"",$B13/$B$6*G13,"") -> 0.05752754 | J13: =IF(I13<>"",$B13/$B$6*I13,"") | L13: =IF(K13<>"",$B13/$B$6*K13,"") | M13: 5 | N13: =IF(M13<>"",$B13/$B$6*M13,"") -> 0.2876377 | O13: 5 | P13: =IF(O13<>"",$B13/$B$6*O13,"") -> 0.2876377 | R13: =IF(Q13<>"",$B13/$B$6*Q13,"") | T13: =IF(S13<>"",$B13/$B$6*S13,"") | U13: =SUM(C13:T13) -> 11.632803
A14: Être militant pour l'écosyndicalisme transnational via le ReAct | B14: 100 | C14: 7 | D14: =IF(C14<>"",$B14/$B$6*C14,"") -> 0.085679315 | F14: =IF(E14<>"",$B14/$B$6*E14,"") | H14: =IF(G14<>"",$B14/$B$6*G14,"") | J14: =IF(I14<>"",$B14/$B$6*I14,"") | L14: =IF(K14<>"",$B14/$B$6*K14,"") | M14: 8 | N14: =IF(M14<>"",$B14/$B$6*M14,"") -> 0.097919217 | P14: =IF(O14<>"",$B14/$B$6*O14,"") | Q14: 2 | R14: =IF(Q14<>"",$B14/$B$6*Q14,"") -> 0.024479804 | S14: 1 | T14: =IF(S14<>"",$B14/$B$6*S14,"") -> 0.012239902 | U14: =SUM(C14:T14) -> 18.220318
A15: Appuyer les syndicats des femmes musulmanes | B15: 47 | D15: =IF(C15<>"",$B15/$B$6*C15,"") | F15: =IF(E15<>"",$B15/$B$6*E15,"") | G15: 2 | H15: =IF(G15<>"",$B15/$B$6*G15,"") -> 0.011505508 | I15: 2 | J15: =IF(I15<>"",$B15/$B$6*I15,"") -> 0.011505508 | K15: 1 | L15: =IF(K15<>"",$B15/$B$6*K15,"") -> 0.005752754 | M15: -5 | N15: =IF(M15<>"",$B15/$B$6*M15,"") -> -0.02876377 | O15: 3 | P15: =IF(O15<>"",$B15/$B$6*O15,"") -> 0.017258262 | Q15: 5 | R15: =IF(Q15<>"",$B15/$B$6*Q15,"") -> 0.02876377 | S15: 1 | T15: =IF(S15<>"",$B15/$B$6*S15,"") -> 0.005752754 | U15: =SUM(C15:T15) -> 9.0517748
A16: Appuyer les victoires d'écosyndicats de locataires | B16: 1800 | C16: 8 | D16: =IF(C16<>"",$B16/$B$6*C16,"") -> 1.7625459 | F16: =IF(E16<>"",$B16/$B$6*E16,"") | G16: 4 | H16: =IF(G16<>"",$B16/$B$6*G16,"") -> 0.88127295 | I16: 2 | J16: =IF(I16<>"",$B16/$B$6*I16,"") -> 0.44063647 | K16: 2 | L16: =IF(K16<>"",$B16/$B$6*K16,"") -> 0.44063647 | M16: 6 | N16: =IF(M16<>"",$B16/$B$6*M16,"") -> 1.3219094 | O16: 6 | P16: =IF(O16<>"",$B16/$B$6*O16,"") -> 1.3219094 | Q16: 8 | R16: =IF(Q16<>"",$B16/$B$6*Q16,"") -> 1.7625459 | S16: 5 | T16: =IF(S16<>"",$B16/$B$6*S16,"") -> 1.1015912 | U16: =SUM(C16:T16) -> 50.033048
A17: Appuyer les victoires d'écosyndicats de riverains d'agro-industrie polluante | B17: =8*47 -> 376 | C17: 8 | D17: =IF(C17<>"",$B17/$B$6*C17,"") -> 0.36817625 | F17: =IF(E17<>"",$B17/$B$6*E17,"") | H17: =IF(G17<>"",$B17/$B$6*G17,"") | I17: 2 | J17: =IF(I17<>"",$B17/$B$6*I17,"") -> 0.092044064 | K17: 2 | L17: =IF(K17<>"",$B17/$B$6*K17,"") -> 0.092044064 | M17: 8 | N17: =IF(M17<>"",$B17/$B$6*M17,"") -> 0.36817625 | O17: 3 | P17: =IF(O17<>"",$B17/$B$6*O17,"") -> 0.1380661 | Q17: 4 | R17: =IF(Q17<>"",$B17/$B$6*Q17,"") -> 0.18408813 | S17: 2 | T17: =IF(S17<>"",$B17/$B$6*S17,"") -> 0.092044064 | U17: =SUM(C17:T17) -> 30.334639
A18: Appuyer les victoires d'écosyndicats de cyclistes | B18: =4*47 -> 188 | C18: 5 | D18: =IF(C18<>"",$B18/$B$6*C18,"") -> 0.11505508 | F18: =IF(E18<>"",$B18/$B$6*E18,"") | H18: =IF(G18<>"",$B18/$B$6*G18,"") | I18: 1 | J18: =IF(I18<>"",$B18/$B$6*I18,"") -> 0.023011016 | K18: 1 | L18: =IF(K18<>"",$B18/$B$6*K18,"") -> 0.023011016 | M18: 5 | N18: =IF(M18<>"",$B18/$B$6*M18,"") -> 0.11505508 | O18: 3 | P18: =IF(O18<>"",$B18/$B$6*O18,"") -> 0.069033048 | Q18: 3 | R18: =IF(Q18<>"",$B18/$B$6*Q18,"") -> 0.069033048 | S18: 2 | T18: =IF(S18<>"",$B18/$B$6*S18,"") -> 0.046022032 | U18: =SUM(C18:T18) -> 20.46022
A19: Développer un mouvement et une école ecosyndicale à partir de la base militante écologique en France | B19: =8*47 -> 376 | C19: 10 | D19: =IF(C19<>"",$B19/$B$6*C19,"") -> 0.46022032 | F19: =IF(E19<>"",$B19/$B$6*E19,"") | H19: =IF(G19<>"",$B19/$B$6*G19,"") | I19: 2 | J19: =IF(I19<>"",$B19/$B$6*I19,"") -> 0.092044064 | K19: 3 | L19: =IF(K19<>"",$B19/$B$6*K19,"") -> 0.1380661 | M19: 10 | N19: =IF(M19<>"",$B19/$B$6*M19,"") -> 0.46022032 | O19: 8 | P19: =IF(O19<>"",$B19/$B$6*O19,"") -> 0.36817625 | Q19: 10 | R19: =IF(Q19<>"",$B19/$B$6*Q19,"") -> 0.46022032 | S19: 5 | T19: =IF(S19<>"",$B19/$B$6*S19,"") -> 0.23011016 | U19: =SUM(C19:T19) -> 50.209058
A20: Appuyer les syndicats de travailleurs | B20: 50 | D20: =IF(C20<>"",$B20/$B$6*C20,"") | F20: =IF(E20<>"",$B20/$B$6*E20,"") | G20: 1 | H20: =IF(G20<>"",$B20/$B$6*G20,"") -> 0.006119951 | I20: 1 | J20: =IF(I20<>"",$B20/$B$6*I20,"") -> 0.006119951 | K20: 1 | L20: =IF(K20<>"",$B20/$B$6*K20,"") -> 0.006119951 | M20: 5 | N20: =IF(M20<>"",$B20/$B$6*M20,"") -> 0.030599755 | O20: 5 | P20: =IF(O20<>"",$B20/$B$6*O20,"") -> 0.030599755 | Q20: 3 | R20: =IF(Q20<>"",$B20/$B$6*Q20,"") -> 0.018359853 | S20: 1 | T20: =IF(S20<>"",$B20/$B$6*S20,"") -> 0.006119951 | U20: =SUM(C20:T20) -> 17.104039
A21: Chef de projet dans l'essor de la fusion nucléaire | B21: =39*47 -> 1833 | C21: 5 | D21: =IF(C21<>"",$B21/$B$6*C21,"") -> 1.121787 | F21: =IF(E21<>"",$B21/$B$6*E21,"") | G21: 10 | H21: =IF(G21<>"",$B21/$B$6*G21,"") -> 2.2435741 | J21: =IF(I21<>"",$B21/$B$6*I21,"") | K21: 2 | L21: =IF(K21<>"",$B21/$B$6*K21,"") -> 0.44871481 | N21: =IF(M21<>"",$B21/$B$6*M21,"") | O21: 1 | P21: =IF(O21<>"",$B21/$B$6*O21,"") -> 0.22435741 | Q21: 5 | R21: =IF(Q21<>"",$B21/$B$6*Q21,"") -> 1.121787 | S21: 3 | T21: =IF(S21<>"",$B21/$B$6*S21,"") -> 0.67307222 | U21: =SUM(C21:T21) -> 31.833293
A22: Dringues (soirée avec mélange de fête et de drague) | B22: 100 | D22: =IF(C22<>"",$B22/$B$6*C22,"") | E22: 3 | F22: =IF(E22<>"",$B22/$B$6*E22,"") -> 0.036719706 | H22: =IF(G22<>"",$B22/$B$6*G22,"") | I22: 5 | J22: =IF(I22<>"",$B22/$B$6*I22,"") -> 0.06119951 | K22: 6 | L22: =IF(K22<>"",$B22/$B$6*K22,"") -> 0.073439412 | M22: 3 | N22: =IF(M22<>"",$B22/$B$6*M22,"") -> 0.036719706 | O22: 1 | P22: =IF(O22<>"",$B22/$B$6*O22,"") -> 0.012239902 | R22: =IF(Q22<>"",$B22/$B$6*Q22,"") | T22: =IF(S22<>"",$B22/$B$6*S22,"") | U22: =SUM(C22:T22) -> 18.220318
A23: Dates et histoires amoureuses | B23: 100 | D23: =IF(C23<>"",$B23/$B$6*C23,"") | E23: 5 | F23: =IF(E23<>"",$B23/$B$6*E23,"") -> 0.06119951 | H23: =IF(G23<>"",$B23/$B$6*G23,"") | I23: 5 | J23: =IF(I23<>"",$B23/$B$6*I23,"") -> 0.06119951 | K23: 8 | L23: =IF(K23<>"",$B23/$B$6*K23,"") -> 0.097919217 | M23: 1 | N23: =IF(M23<>"",$B23/$B$6*M23,"") -> 0.012239902 | O23: 1 | P23: =IF(O23<>"",$B23/$B$6*O23,"") -> 0.012239902 | R23: =IF(Q23<>"",$B23/$B$6*Q23,"") | T23: =IF(S23<>"",$B23/$B$6*S23,"") | U23: =SUM(C23:T23) -> 20.244798
A24: Développer mon blog | B24: 70 | D24: =IF(C24<>"",$B24/$B$6*C24,"") | F24: =IF(E24<>"",$B24/$B$6*E24,"") | G24: 1 | H24: =IF(G24<>"",$B24/$B$6*G24,"") -> 0.0085679315 | J24: =IF(I24<>"",$B24/$B$6*I24,"") | L24: =IF(K24<>"",$B24/$B$6*K24,"") | M24: 3 | N24: =IF(M24<>"",$B24/$B$6*M24,"") -> 0.025703794 | O24: 8 | P24: =IF(O24<>"",$B24/$B$6*O24,"") -> 0.068543452 | Q24: 1 | R24: =IF(Q24<>"",$B24/$B$6*Q24,"") -> 0.0085679315 | S24: 8 | T24: =IF(S24<>"",$B24/$B$6*S24,"") -> 0.068543452 | U24: =SUM(C24:T24) -> 21.179927
A25: Lire des livres | B25: 30 | D25: =IF(C25<>"",$B25/$B$6*C25,"") | E25: 3 | F25: =IF(E25<>"",$B25/$B$6*E25,"") -> 0.011015912 | H25: =IF(G25<>"",$B25/$B$6*G25,"") | J25: =IF(I25<>"",$B25/$B$6*I25,"") | K25: 1 | L25: =IF(K25<>"",$B25/$B$6*K25,"") -> 0.0036719706 | M25: 2 | N25: =IF(M25<>"",$B25/$B$6*M25,"") -> 0.0073439412 | P25: =IF(O25<>"",$B25/$B$6*O25,"") | R25: =IF(Q25<>"",$B25/$B$6*Q25,"") | S25: 3 | T25: =IF(S25<>"",$B25/$B$6*S25,"") -> 0.011015912 | U25: =SUM(C25:T25) -> 9.0330477
A26: Partager ma vie avec quelqu'un que j'aime | B26: 1000 | D26: =IF(C26<>"",$B26/$B$6*C26,"") | F26: =IF(E26<>"",$B26/$B$6*E26,"") | H26: =IF(G26<>"",$B26/$B$6*G26,"") | I26: 10 | J26: =IF(I26<>"",$B26/$B$6*I26,"") -> 1.2239902 | K26: 5 | L26: =IF(K26<>"",$B26/$B$6*K26,"") -> 0.6119951 | M26: 2 | N26: =IF(M26<>"",$B26/$B$6*M26,"") -> 0.24479804 | O26: 2 | P26: =IF(O26<>"",$B26/$B$6*O26,"") -> 0.24479804 | Q26: 1 | R26: =IF(Q26<>"",$B26/$B$6*Q26,"") -> 0.12239902 | T26: =IF(S26<>"",$B26/$B$6*S26,"") | U26: =SUM(C26:T26) -> 22.44798
A27: Avoir des enfants | B27: =1000 -> 1000 | C27: -3 | D27: =IF(C27<>"",$B27/$B$6*C27,"") -> -0.36719706 | F27: =IF(E27<>"",$B27/$B$6*E27,"") | H27: =IF(G27<>"",$B27/$B$6*G27,"") | I27: 10 | J27: =IF(I27<>"",$B27/$B$6*I27,"") -> 1.2239902 | L27: =IF(K27<>"",$B27/$B$6*K27,"") | M27: 3 | N27: =IF(M27<>"",$B27/$B$6*M27,"") -> 0.36719706 | O27: 10 | P27: =IF(O27<>"",$B27/$B$6*O27,"") -> 1.2239902 | Q27: 1 | R27: =IF(Q27<>"",$B27/$B$6*Q27,"") -> 0.12239902 | T27: =IF(S27<>"",$B27/$B$6*S27,"") | U27: =SUM(C27:T27) -> 23.570379
A28: Investir mon argent dans des placements et des actions écologiques | B28: 20 | C28: 10 | D28: =IF(C28<>"",$B28/$B$6*C28,"") -> 0.024479804 | F28: =IF(E28<>"",$B28/$B$6*E28,"") | H28: =IF(G28<>"",$B28/$B$6*G28,"") | J28: =IF(I28<>"",$B28/$B$6*I28,"") | L28: =IF(K28<>"",$B28/$B$6*K28,"") | N28: =IF(M28<>"",$B28/$B$6*M28,"") | P28: =IF(O28<>"",$B28/$B$6*O28,"") | R28: =IF(Q28<>"",$B28/$B$6*Q28,"") | T28: =IF(S28<>"",$B28/$B$6*S28,"") | U28: =SUM(C28:T28) -> 10.02448
A29: Vendre ma voiture et m'organiser en vélo, en train et covoiturage | B29: 50 | C29: 1 | D29: =IF(C29<>"",$B29/$B$6*C29,"") -> 0.006119951 | E29: 1 | F29: =IF(E29<>"",$B29/$B$6*E29,"") -> 0.006119951 | G29: 1 | H29: =IF(G29<>"",$B29/$B$6*G29,"") -> 0.006119951 | J29: =IF(I29<>"",$B29/$B$6*I29,"") | L29: =IF(K29<>"",$B29/$B$6*K29,"") | M29: 1 | N29: =IF(M29<>"",$B29/$B$6*M29,"") -> 0.006119951 | P29: =IF(O29<>"",$B29/$B$6*O29,"") | R29: =IF(Q29<>"",$B29/$B$6*Q29,"") | T29: =IF(S29<>"",$B29/$B$6*S29,"") | U29: =SUM(C29:T29) -> 4.0244798
A30: Devenir végétarien et réduire significativement le sucre | B30: 50 | C30: 1 | D30: =IF(C30<>"",$B30/$B$6*C30,"") -> 0.006119951 | E30: 10 | F30: =IF(E30<>"",$B30/$B$6*E30,"") -> 0.06119951 | G30: 1 | H30: =IF(G30<>"",$B30/$B$6*G30,"") -> 0.006119951 | J30: =IF(I30<>"",$B30/$B$6*I30,"") | L30: =IF(K30<>"",$B30/$B$6*K30,"") | N30: =IF(M30<>"",$B30/$B$6*M30,"") | P30: =IF(O30<>"",$B30/$B$6*O30,"") | R30: =IF(Q30<>"",$B30/$B$6*Q30,"") | T30: =IF(S30<>"",$B30/$B$6*S30,"") | U30: =SUM(C30:T30) -> 12.073439
A31: Déménager dans un colloc avec des personnes politisés | B31: 60 | C31: 2 | D31: =IF(C31<>"",$B31/$B$6*C31,"") -> 0.014687882 | E31: 1 | F31: =IF(E31<>"",$B31/$B$6*E31,"") -> 0.0073439412 | G31: 1 | H31: =IF(G31<>"",$B31/$B$6*G31,"") -> 0.0073439412 | I31: 3 | J31: =IF(I31<>"",$B31/$B$6*I31,"") -> 0.022031824 | L31: =IF(K31<>"",$B31/$B$6*K31,"") | M31: 3 | N31: =IF(M31<>"",$B31/$B$6*M31,"") -> 0.022031824 | P31: =IF(O31<>"",$B31/$B$6*O31,"") | R31: =IF(Q31<>"",$B31/$B$6*Q31,"") | T31: =IF(S31<>"",$B31/$B$6*S31,"") | U31: =SUM(C31:T31) -> 10.073439
D32: =IF(C32<>"",$B32/$B$6*C32,"") | F32: =IF(E32<>"",$B32/$B$6*E32,"") | H32: =IF(G32<>"",$B32/$B$6*G32,"") | J32: =IF(I32<>"",$B32/$B$6*I32,"") | L32: =IF(K32<>"",$B32/$B$6*K32,"") | N32: =IF(M32<>"",$B32/$B$6*M32,"") | P32: =IF(O32<>"",$B32/$B$6*O32,"") | R32: =IF(Q32<>"",$B32/$B$6*Q32,"") | T32: =IF(S32<>"",$B32/$B$6*S32,"") | U32: =SUM(C32:T32) -> 0

Sheet 6-7) choix et ajustement
A1: ="Somme des notes = "&SUM(C10,E10,74,I10,K10,M10,O10,Q10,S10)&" pour une activité sur temps de veille disponible de :" -> Somme des notes = 438 pour une activité sur temps de veille disponible de : | B1: =SUM(B12:B96)/((24-7-3)*365) -> 0.98962818 | C1: Besoin du monde | E1: Niveau d'impact sur mes besoins individuels
A2: ="rendement existentiel = "&ROUND(SUM(C10,E10,G10,I10,K10,M10,O10,Q10,S10)/B9*1000*B1,0)&" %" -> rendement existentiel = 75 % | B2: Heures consacrées en moyenne par an | C2: ="Impact sur "&'1-2) Ma cause et mon histoire'!$D$2 -> Impact sur Santé climatique | E2: santé | G2: économique | I2: affectif | K2: sexuel | M2: reconnaissance sociale | O2: transmission | Q2: transformation | S2: création
A3: Mes activités productives actuelles : | B3: ='3) Réévaluation des activités'!B3:B4 -> 2935 | C3: Tot. | D3: pond. | E3: Tot. | F3: pond. | G3: Tot. | H3: pond. | I3: Tot. | J3: pond. | K3: Tot. | L3: pond. | M3: Tot. | N3: pond. | O3: Tot. | P3: pond. | Q3: Tot. | R3: pond. | S3: Tot. | T3: pond.
C4: ='3) Réévaluation des activités'!C4 -> 7 | D4: ='3) Réévaluation des activités'!D4 -> 1.9591141 | E4: ='3) Réévaluation des activités'!E4 -> 29 | F4: ='3) Réévaluation des activités'!F4 -> 1.2572402 | G4: ='3) Réévaluation des activités'!G4 -> 14 | H4: ='3) Réévaluation des activités'!H4 -> 1.8143101 | I4: ='3) Réévaluation des activités'!I4 -> 15 | J4: ='3) Réévaluation des activités'!J4 -> 1.3424191 | ... T4: ='3) Réévaluation des activités'!T4 -> 1.0664395
B5: Rang : | C5: ='3) Réévaluation des activités'!C5:D5 -> 4 | E5: ='3) Réévaluation des activités'!E5:F5 -> 8 | G5: ='3) Réévaluation des activités'!G5:H5 -> 5 | I5: ='3) Réévaluation des activités'!I5:J5 -> 7 | K5: ='3) Réévaluation des activités'!K5:L5 -> 6 | M5: ='3) Réévaluation des activités'!M5:N5 -> 3 | O5: ='3) Réévaluation des activités'!O5:P5 -> 1 | Q5: ='3) Réévaluation des activités'!Q5:R5 -> 2 | S5: ='3) Réévaluation des activités'!S5:T5 -> 9
A6: Toutes mes activités productives possibles : | B6: ='4-5) Réorganisation possible'!B6 -> 8170 | C6: Tot. | D6: pond. | E6: Tot. | F6: pond. | G6: Tot. | H6: pond. | I6: Tot. | J6: pond. | K6: Tot. | L6: pond. | M6: Tot. | N6: pond. | O6: Tot. | P6: pond. | Q6: Tot. | R6: pond. | S6: Tot. | T6: pond.
C7: ='4-5) Réorganisation possible'!C7 -> 55 | D7: ='4-5) Réorganisation possible'!D7 -> 3.6221542 | E7: ='4-5) Réorganisation possible'!E7 -> 41 | F7: ='4-5) Réorganisation possible'!F7 -> 0.52631579 | G7: ='4-5) Réorganisation possible'!G7 -> 25 | H7: ='4-5) Réorganisation possible'!H7 -> 3.2526316 | I7: ='4-5) Réorganisation possible'!I7 -> 43 | J7: ='4-5) Réorganisation possible'!J7 -> 3.2577723 | ... T7: ='4-5) Réorganisation possible'!T7 -> 2.2465116
B8: Rang : | C8: ='3) Réévaluation des activités'!C5:D5 -> 4 | E8: ='3) Réévaluation des activités'!E5:F5 -> 8 | G8: ='3) Réévaluation des activités'!G5:H5 -> 5 | I8: ='3) Réévaluation des activités'!I5:J5 -> 7 | K8: ='3) Réévaluation des activités'!K5:L5 -> 6 | M8: ='3) Réévaluation des activités'!M5:N5 -> 3 | O8: ='3) Réévaluation des activités'!O5:P5 -> 1 | Q8: ='3) Réévaluation des activités'!Q5:R5 -> 2 | S8: ='3) Réévaluation des activités'!S5:T5 -> 9
A9: Mes activités productives choisies (copier à partir des activités productives possibles, supprimer des activités, réajuster les heures consacrées pour activité < 100 % du temps de veille) | B9: =SUM(B12:B116) -> 5057 | C9: Tot. | D9: pond. | E9: Tot. | F9: pond. | G9: Tot. | H9: pond. | I9: Tot. | J9: pond. | K9: Tot. | L9: pond. | M9: Tot. | N9: pond. | O9: Tot. | P9: pond. | Q9: Tot. | R9: pond. | S9: Tot. | T9: pond.
C10: =SUM(C12:C116) -> 58 | D10: =SUM(D12:D116) -> 4.8764089 | E10: =SUM(E12:E116) -> 42 | F10: =SUM(F12:F116) -> 0.86612616 | G10: =SUM(G12:G116) -> 17 | H10: =SUM(H12:H116) -> 1.6499901 | I10: =SUM(I12:I116) -> 33 | J10: =SUM(J12:J116) -> 3.2240459 | ... T10: =SUM(T12:T116) -> 2.5799881
B11: Rang : | C11: =RANK(D10,($D10,$F10,$H10,$J10,$L10,$N10,$P10,$R10,$T10),0) -> 1 | E11: =RANK(F10,($D10,$F10,$H10,$J10,$L10,$N10,$P10,$R10,$T10),0) -> 9 | G11: =RANK(H10,($D10,$F10,$H10,$J10,$L10,$N10,$P10,$R10,$T10),0) -> 8 | I11: =RANK(J10,($D10,$F10,$H10,$J10,$L10,$N10,$P10,$R10,$T10),0) -> 5 | K11: =RANK(L10,($D10,$F10,$H10,$J10,$L10,$N10,$P10,$R10,$T10),0) -> 6 | M11: =RANK(N10,($D10,$F10,$H10,$J10,$L10,$N10,$P10,$R10,$T10),0) -> 2 | O11: =RANK(P10,($D10,$F10,$H10,$J10,$L10,$N10,$P10,$R10,$T10),0) -> 4 | Q11: =RANK(R10,($D10,$F10,$H10,$J10,$L10,$N10,$P10,$R10,$T10),0) -> 3 | S11: =RANK(T10,($D10,$F10,$H10,$J10,$L10,$N10,$P10,$R10,$T10),0) -> 7 | U11: ∑
A12: Sport en salle | B12: 100 | D12: =IF(C12<>"",$B12/$B$9*C12,"") | E12: 8 | F12: =IF(E12<>"",$B12/$B$9*E12,"") -> 0.15819656 | H12: =IF(G12<>"",$B12/$B$9*G12,"") | J12: =IF(I12<>"",$B12/$B$9*I12,"") | K12: 5 | L12: =IF(K12<>"",$B12/$B$9*K12,"") -> 0.09887285 | N12: =IF(M12<>"",$B12/$B$9*M12,"") | P12: =IF(O12<>"",$B12/$B$9*O12,"") | R12: =IF(Q12<>"",$B12/$B$9*Q12,"") | T12: =IF(S12<>"",$B12/$B$9*S12,"") | U12: =SUM(C12:T12) -> 13.257069
A13: Cyclisme | B13: 200 | C13: 1 | D13: =IF(C13<>"",$B13/$B$9*C13,"") -> 0.03954914 | E13: 10 | F13: =IF(E13<>"",$B13/$B$9*E13,"") -> 0.3954914 | H13: =IF(G13<>"",$B13/$B$9*G13,"") | J13: =IF(I13<>"",$B13/$B$9*I13,"") | K13: 4 | L13: =IF(K13<>"",$B13/$B$9*K13,"") -> 0.15819656 | M13: 3 | N13: =IF(M13<>"",$B13/$B$9*M13,"") -> 0.11864742 | P13: =IF(O13<>"",$B13/$B$9*O13,"") | R13: =IF(Q13<>"",$B13/$B$9*Q13,"") | T13: =IF(S13<>"",$B13/$B$9*S13,"") | U13: =SUM(C13:T13) -> 18.711885
A14: Prof de management de projet en école d'ingénieur | B14: 50 | D14: =IF(C14<>"",$B14/$B$9*C14,"") | F14: =IF(E14<>"",$B14/$B$9*E14,"") | G14: 2 | H14: =IF(G14<>"",$B14/$B$9*G14,"") -> 0.01977457 | J14: =IF(I14<>"",$B14/$B$9*I14,"") | L14: =IF(K14<>"",$B14/$B$9*K14,"") | M14: 5 | N14: =IF(M14<>"",$B14/$B$9*M14,"") -> 0.049436425 | O14: 6 | P14: =IF(O14<>"",$B14/$B$9*O14,"") -> 0.05932371 | R14: =IF(Q14<>"",$B14/$B$9*Q14,"") | T14: =IF(S14<>"",$B14/$B$9*S14,"") | U14: =SUM(C14:T14) -> 13.128535
A15: Coach de vie | B15: 50 | D15: =IF(C15<>"",$B15/$B$9*C15,"") | F15: =IF(E15<>"",$B15/$B$9*E15,"") | G15: 1 | H15: =IF(G15<>"",$B15/$B$9*G15,"") -> 0.009887285 | J15: =IF(I15<>"",$B15/$B$9*I15,"") | L15: =IF(K15<>"",$B15/$B$9*K15,"") | M15: 4 | N15: =IF(M15<>"",$B15/$B$9*M15,"") -> 0.03954914 | O15: 5 | P15: =IF(O15<>"",$B15/$B$9*O15,"") -> 0.049436425 | R15: =IF(Q15<>"",$B15/$B$9*Q15,"") | T15: =IF(S15<>"",$B15/$B$9*S15,"") | U15: =SUM(C15:T15) -> 10.098873
A16: Management d'une équipe d'organisation sociale | B16: =2*5*47 -> 470 | D16: =IF(C16<>"",$B16/$B$9*C16,"") | F16: =IF(E16<>"",$B16/$B$9*E16,"") | G16: 1 | H16: =IF(G16<>"",$B16/$B$9*G16,"") -> 0.092940479 | J16: =IF(I16<>"",$B16/$B$9*I16,"") | L16: =IF(K16<>"",$B16/$B$9*K16,"") | M16: 5 | N16: =IF(M16<>"",$B16/$B$9*M16,"") -> 0.46470239 | O16: 5 | P16: =IF(O16<>"",$B16/$B$9*O16,"") -> 0.46470239 | R16: =IF(Q16<>"",$B16/$B$9*Q16,"") | T16: =IF(S16<>"",$B16/$B$9*S16,"") | U16: =SUM(C16:T16) -> 12.022345
A17: Être militant pour l'écosyndicalisme transnational via le ReAct | B17: 100 | C17: 7 | D17: =IF(C17<>"",$B17/$B$9*C17,"") -> 0.13842199 | F17: =IF(E17<>"",$B17/$B$9*E17,"") | H17: =IF(G17<>"",$B17/$B$9*G17,"") | J17: =IF(I17<>"",$B17/$B$9*I17,"") | L17: =IF(K17<>"",$B17/$B$9*K17,"") | M17: 8 | N17: =IF(M17<>"",$B17/$B$9*M17,"") -> 0.15819656 | P17: =IF(O17<>"",$B17/$B$9*O17,"") | Q17: 2 | R17: =IF(Q17<>"",$B17/$B$9*Q17,"") -> 0.03954914 | S17: 1 | T17: =IF(S17<>"",$B17/$B$9*S17,"") -> 0.01977457 | U17: =SUM(C17:T17) -> 18.355942
A18: Appuyer les syndicats des femmes musulmanes | B18: 47 | D18: =IF(C18<>"",$B18/$B$9*C18,"") | F18: =IF(E18<>"",$B18/$B$9*E18,"") | G18: 2 | H18: =IF(G18<>"",$B18/$B$9*G18,"") -> 0.018588096 | I18: 2 | J18: =IF(I18<>"",$B18/$B$9*I18,"") -> 0.018588096 | K18: 1 | L18: =IF(K18<>"",$B18/$B$9*K18,"") -> 0.0092940479 | M18: -5 | N18: =IF(M18<>"",$B18/$B$9*M18,"") -> -0.046470239 | O18: 3 | P18: =IF(O18<>"",$B18/$B$9*O18,"") -> 0.027882144 | Q18: 5 | R18: =IF(Q18<>"",$B18/$B$9*Q18,"") -> 0.046470239 | S18: 1 | T18: =IF(S18<>"",$B18/$B$9*S18,"") -> 0.0092940479 | U18: =SUM(C18:T18) -> 9.0836464
A19: Appuyer les victoires d'écosyndicats de locataires | B19: 1800 | C19: 8 | D19: =IF(C19<>"",$B19/$B$9*C19,"") -> 2.8475381 | F19: =IF(E19<>"",$B19/$B$9*E19,"") | G19: 4 | H19: =IF(G19<>"",$B19/$B$9*G19,"") -> 1.423769 | I19: 2 | J19: =IF(I19<>"",$B19/$B$9*I19,"") -> 0.71188452 | K19: 2 | L19: =IF(K19<>"",$B19/$B$9*K19,"") -> 0.71188452 | M19: 6 | N19: =IF(M19<>"",$B19/$B$9*M19,"") -> 2.1356535 | O19: 6 | P19: =IF(O19<>"",$B19/$B$9*O19,"") -> 2.1356535 | Q19: 8 | R19: =IF(Q19<>"",$B19/$B$9*Q19,"") -> 2.8475381 | S19: 5 | T19: =IF(S19<>"",$B19/$B$9*S19,"") -> 1.7797113 | U19: =SUM(C19:T19) -> 55.593633
A20: Appuyer les victoires d'écosyndicats de riverains d'agro-industrie polluante | B20: 50 | C20: 8 | D20: =IF(C20<>"",$B20/$B$9*C20,"") -> 0.07909828 | F20: =IF(E20<>"",$B20/$B$9*E20,"") | H20: =IF(G20<>"",$B20/$B$9*G20,"") | I20: 2 | J20: =IF(I20<>"",$B20/$B$9*I20,"") -> 0.01977457 | K20: 2 | L20: =IF(K20<>"",$B20/$B$9*K20,"") -> 0.01977457 | M20: 8 | N20: =IF(M20<>"",$B20/$B$9*M20,"") -> 0.07909828 | O20: 3 | P20: =IF(O20<>"",$B20/$B$9*O20,"") -> 0.029661855 | Q20: 4 | R20: =IF(Q20<>"",$B20/$B$9*Q20,"") -> 0.03954914 | S20: 2 | T20: =IF(S20<>"",$B20/$B$9*S20,"") -> 0.01977457 | U20: =SUM(C20:T20) -> 29.286731
A21: Appuyer les victoires d'écosyndicats de cyclistes | B21: 50 | C21: 5 | D21: =IF(C21<>"",$B21/$B$9*C21,"") -> 0.049436425 | F21: =IF(E21<>"",$B21/$B$9*E21,"") | H21: =IF(G21<>"",$B21/$B$9*G21,"") | I21: 1 | J21: =IF(I21<>"",$B21/$B$9*I21,"") -> 0.009887285 | K21: 1 | L21: =IF(K21<>"",$B21/$B$9*K21,"") -> 0.009887285 | M21: 5 | N21: =IF(M21<>"",$B21/$B$9*M21,"") -> 0.049436425 | O21: 3 | P21: =IF(O21<>"",$B21/$B$9*O21,"") -> 0.029661855 | Q21: 3 | R21: =IF(Q21<>"",$B21/$B$9*Q21,"") -> 0.029661855 | S21: 2 | T21: =IF(S21<>"",$B21/$B$9*S21,"") -> 0.01977457 | U21: =SUM(C21:T21) -> 20.197746
A22: Développer un mouvement et une école ecosyndicale à partir de la base militante écologique en France | B22: 600 | C22: 10 | D22: =IF(C22<>"",$B22/$B$9*C22,"") -> 1.1864742 | F22: =IF(E22<>"",$B22/$B$9*E22,"") | H22: =IF(G22<>"",$B22/$B$9*G22,"") | I22: 2 | J22: =IF(I22<>"",$B22/$B$9*I22,"") -> 0.23729484 | K22: 3 | L22: =IF(K22<>"",$B22/$B$9*K22,"") -> 0.35594226 | M22: 10 | N22: =IF(M22<>"",$B22/$B$9*M22,"") -> 1.1864742 | O22: 8 | P22: =IF(O22<>"",$B22/$B$9*O22,"") -> 0.94917936 | Q22: 10 | R22: =IF(Q22<>"",$B22/$B$9*Q22,"") -> 1.1864742 | S22: 5 | T22: =IF(S22<>"",$B22/$B$9*S22,"") -> 0.5932371 | U22: =SUM(C22:T22) -> 53.695076
A23: Appuyer les syndicats de travailleurs | B23: 50 | D23: =IF(C23<>"",$B23/$B$9*C23,"") | F23: =IF(E23<>"",$B23/$B$9*E23,"") | G23: 1 | H23: =IF(G23<>"",$B23/$B$9*G23,"") -> 0.009887285 | I23: 1 | J23: =IF(I23<>"",$B23/$B$9*I23,"") -> 0.009887285 | K23: 1 | L23: =IF(K23<>"",$B23/$B$9*K23,"") -> 0.009887285 | M23: 5 | N23: =IF(M23<>"",$B23/$B$9*M23,"") -> 0.049436425 | O23: 5 | P23: =IF(O23<>"",$B23/$B$9*O23,"") -> 0.049436425 | Q23: 3 | R23: =IF(Q23<>"",$B23/$B$9*Q23,"") -> 0.029661855 | S23: 1 | T23: =IF(S23<>"",$B23/$B$9*S23,"") -> 0.009887285 | U23: =SUM(C23:T23) -> 17.168084
A24: Dringues (soirée avec mélange de fête et de drague) dans le réseau militant | B24: 100 | C24: 1 | D24: =IF(C24<>"",$B24/$B$9*C24,"") -> 0.01977457 | E24: 3 | F24: =IF(E24<>"",$B24/$B$9*E24,"") -> 0.05932371 | H24: =IF(G24<>"",$B24/$B$9*G24,"") | I24: 5 | J24: =IF(I24<>"",$B24/$B$9*I24,"") -> 0.09887285 | K24: 6 | L24: =IF(K24<>"",$B24/$B$9*K24,"") -> 0.11864742 | M24: 3 | N24: =IF(M24<>"",$B24/$B$9*M24,"") -> 0.05932371 | O24: 2 | P24: =IF(O24<>"",$B24/$B$9*O24,"") -> 0.03954914 | Q24: 1 | R24: =IF(Q24<>"",$B24/$B$9*Q24,"") -> 0.01977457 | T24: =IF(S24<>"",$B24/$B$9*S24,"") | U24: =SUM(C24:T24) -> 21.415266
A25: Dates et histoires amoureuses avec des personnes qui peuvent apporter à ma cause | B25: 100 | C25: 1 | D25: =IF(C25<>"",$B25/$B$9*C25,"") -> 0.01977457 | E25: 5 | F25: =IF(E25<>"",$B25/$B$9*E25,"") -> 0.09887285 | H25: =IF(G25<>"",$B25/$B$9*G25,"") | I25: 5 | J25: =IF(I25<>"",$B25/$B$9*I25,"") -> 0.09887285 | K25: 8 | L25: =IF(K25<>"",$B25/$B$9*K25,"") -> 0.15819656 | M25: 1 | N25: =IF(M25<>"",$B25/$B$9*M25,"") -> 0.01977457 | O25: 1 | P25: =IF(O25<>"",$B25/$B$9*O25,"") -> 0.01977457 | R25: =IF(Q25<>"",$B25/$B$9*Q25,"") | T25: =IF(S25<>"",$B25/$B$9*S25,"") | U25: =SUM(C25:T25) -> 21.415266
A26: Développer mon blog avec plus d'articles sur ma cause | B26: 70 | C26: 1 | D26: =IF(C26<>"",$B26/$B$9*C26,"") -> 0.013842199 | F26: =IF(E26<>"",$B26/$B$9*E26,"") | G26: 1 | H26: =IF(G26<>"",$B26/$B$9*G26,"") -> 0.013842199 | J26: =IF(I26<>"",$B26/$B$9*I26,"") | L26: =IF(K26<>"",$B26/$B$9*K26,"") | M26: 3 | N26: =IF(M26<>"",$B26/$B$9*M26,"") -> 0.041526597 | O26: 8 | P26: =IF(O26<>"",$B26/$B$9*O26,"") -> 0.11073759 | Q26: 1 | R26: =IF(Q26<>"",$B26/$B$9*Q26,"") -> 0.013842199 | S26: 8 | T26: =IF(S26<>"",$B26/$B$9*S26,"") -> 0.11073759 | U26: =SUM(C26:T26) -> 22.304528
A27: Lire des livres | B27: 30 | D27: =IF(C27<>"",$B27/$B$9*C27,"") | E27: 3 | F27: =IF(E27<>"",$B27/$B$9*E27,"") -> 0.017797113 | H27: =IF(G27<>"",$B27/$B$9*G27,"") | J27: =IF(I27<>"",$B27/$B$9*I27,"") | K27: 1 | L27: =IF(K27<>"",$B27/$B$9*K27,"") -> 0.005932371 | M27: 2 | N27: =IF(M27<>"",$B27/$B$9*M27,"") -> 0.011864742 | P27: =IF(O27<>"",$B27/$B$9*O27,"") | R27: =IF(Q27<>"",$B27/$B$9*Q27,"") | S27: 3 | T27: =IF(S27<>"",$B27/$B$9*S27,"") -> 0.017797113 | U27: =SUM(C27:T27) -> 9.0533913
A28: Partager ma vie avec quelqu'un que j'aime et qui rejoint ma cause | B28: 1000 | C28: 2 | D28: =IF(C28<>"",$B28/$B$9*C28,"") -> 0.3954914 | F28: =IF(E28<>"",$B28/$B$9*E28,"") | H28: =IF(G28<>"",$B28/$B$9*G28,"") | I28: 10 | J28: =IF(I28<>"",$B28/$B$9*I28,"") -> 1.977457 | K28: 5 | L28: =IF(K28<>"",$B28/$B$9*K28,"") -> 0.9887285 | M28: 2 | N28: =IF(M28<>"",$B28/$B$9*M28,"") -> 0.3954914 | O28: 2 | P28: =IF(O28<>"",$B28/$B$9*O28,"") -> 0.3954914 | Q28: 1 | R28: =IF(Q28<>"",$B28/$B$9*Q28,"") -> 0.1977457 | T28: =IF(S28<>"",$B28/$B$9*S28,"") | U28: =SUM(C28:T28) -> 26.350405
A29: Investir mon argent dans des placements et des actions écologiques | B29: 20 | C29: 10 | D29: =IF(C29<>"",$B29/$B$9*C29,"") -> 0.03954914 | F29: =IF(E29<>"",$B29/$B$9*E29,"") | H29: =IF(G29<>"",$B29/$B$9*G29,"") | J29: =IF(I29<>"",$B29/$B$9*I29,"") | L29: =IF(K29<>"",$B29/$B$9*K29,"") | N29: =IF(M29<>"",$B29/$B$9*M29,"") | P29: =IF(O29<>"",$B29/$B$9*O29,"") | R29: =IF(Q29<>"",$B29/$B$9*Q29,"") | T29: =IF(S29<>"",$B29/$B$9*S29,"") | U29: =SUM(C29:T29) -> 10.039549
A30: Vendre ma voiture et m'organiser en vélo, en train et covoiturage | B30: 50 | C30: 1 | D30: =IF(C30<>"",$B30/$B$9*C30,"") -> 0.009887285 | E30: 1 | F30: =IF(E30<>"",$B30/$B$9*E30,"") -> 0.009887285 | G30: 1 | H30: =IF(G30<>"",$B30/$B$9*G30,"") -> 0.009887285 | J30: =IF(I30<>"",$B30/$B$9*I30,"") | L30: =IF(K30<>"",$B30/$B$9*K30,"") | M30: 1 | N30: =IF(M30<>"",$B30/$B$9*M30,"") -> 0.009887285 | P30: =IF(O30<>"",$B30/$B$9*O30,"") | R30: =IF(Q30<>"",$B30/$B$9*Q30,"") | T30: =IF(S30<>"",$B30/$B$9*S30,"") | U30: =SUM(C30:T30) -> 4.0395491
A31: Devenir végétarien et réduire significativement le sucre | B31: 50 | C31: 1 | D31: =IF(C31<>"",$B31/$B$9*C31,"") -> 0.009887285 | E31: 10 | F31: =IF(E31<>"",$B31/$B$9*E31,"") -> 0.09887285 | G31: 1 | H31: =IF(G31<>"",$B31/$B$9*G31,"") -> 0.009887285 | J31: =IF(I31<>"",$B31/$B$9*I31,"") | L31: =IF(K31<>"",$B31/$B$9*K31,"") | N31: =IF(M31<>"",$B31/$B$9*M31,"") | P31: =IF(O31<>"",$B31/$B$9*O31,"") | R31: =IF(Q31<>"",$B31/$B$9*Q31,"") | T31: =IF(S31<>"",$B31/$B$9*S31,"") | U31: =SUM(C31:T31) -> 12.118647
A32: Déménager dans un colloc avec des personnes politisées | B32: 70 | C32: 2 | D32: =IF(C32<>"",$B32/$B$9*C32,"") -> 0.027684398 | E32: 2 | F32: =IF(E32<>"",$B32/$B$9*E32,"") -> 0.027684398 | G32: 3 | H32: =IF(G32<>"",$B32/$B$9*G32,"") -> 0.041526597 | I32: 3 | J32: =IF(I32<>"",$B32/$B$9*I32,"") -> 0.041526597 | L32: =IF(K32<>"",$B32/$B$9*K32,"") | M32: 3 | N32: =IF(M32<>"",$B32/$B$9*M32,"") -> 0.041526597 | P32: =IF(O32<>"",$B32/$B$9*O32,"") | R32: =IF(Q32<>"",$B32/$B$9*Q32,"") | T32: =IF(S32<>"",$B32/$B$9*S32,"") | U32: =SUM(C32:T32) -> 13.179949
D33: =IF(C33<>"",$B33/$B$9*C33,"") | F33: =IF(E33<>"",$B33/$B$9*E33,"") | H33: =IF(G33<>"",$B33/$B$9*G33,"") | J33: =IF(I33<>"",$B33/$B$9*I33,"") | L33: =IF(K33<>"",$B33/$B$9*K33,"") | N33: =IF(M33<>"",$B33/$B$9*M33,"") | P33: =IF(O33<>"",$B33/$B$9*O33,"") | R33: =IF(Q33<>"",$B33/$B$9*Q33,"") | T33: =IF(S33<>"",$B33/$B$9*S33,"") | U33: =SUM(C33:T33) -> 0

Sheet 8-9) Plan d'action négo
A1: Mes activités productives choisies | B1: Besoins pour bien faire cette activité | C1: Quand ? | D1: Nombre de personnes extérieures impliqués actuellement | E1: Facteurs de risque que ça tombe à l'eau | F1: Décideur | G1: Qu'est ce qui peut le.la convaincre ? | H1: Qu'est-ce qui peut le.la récompenser ? | I1: Qu'est-ce qui peut le.la sanctionner ?
A2: =IF('6-7) choix et ajustement'!A12<>"",'6-7) choix et ajustement'!A12,"") -> Sport en salle | B2: motivation à se lever tôt | C2: les matins | D2: 1 | E2: - | F2: moi | G2: décompression | H2: corps plus séduisant | I2: corps moins séduisant
A3: =IF('6-7) choix et ajustement'!A13<>"",'6-7) choix et ajustement'!A13,"") -> Cyclisme | B3: motivation, vélo en bonne état | C3: les weekends | D3: 2 | E3: - | F3: moi | G3: nature et compétition | H3: gagner | I3: perdre
A4: =IF('6-7) choix et ajustement'!A14<>"",'6-7) choix et ajustement'!A14,"") -> Prof de management de projet en école d'ingénieur | B4: temps disponible en plus de mon taf | C4: selon planning école | D4: =120 -> 120 | E4: - | F4: Itii | G4: expérience | H4: satisfaction des élèves | I4: les planter
A5: =IF('6-7) choix et ajustement'!A15<>"",'6-7) choix et ajustement'!A15,"") -> Coach de vie | B5: Intéresser des clients ambitieux et écologistes | C5: selon dispos clients et mon agenda | D5: 10 | E5: - | F5: clients | G5: Un vrai programme | H5: réels changements | I5: échecs de leur situation actuelle
A6: =IF('6-7) choix et ajustement'!A16<>"",'6-7) choix et ajustement'!A16,"") -> Management d'une équipe d'organisation sociale | B6: des cadres intermédiaires autonomes avec forte envie de progresser en charisme | C6: pour la rentrée | D6: 3 | E6: Manque de financement | F6: N-1 | G6: Développement perso | H6: Prestige et pouvoir | I6: stagnation salariale
A7: =IF('6-7) choix et ajustement'!A17<>"",'6-7) choix et ajustement'!A17,"") -> Être militant pour l'écosyndicalisme transnational via le ReAct | B7: Proactivité dans les orientations stratégiques | C7: avant les communes | D7: 20 | F7: comité | G7: enjeu de la crise écologique | H7: argent des fondations | I7: mon départ du comité
A8: =IF('6-7) choix et ajustement'!A18<>"",'6-7) choix et ajustement'!A18,"") -> Appuyer les syndicats des femmes musulmanes | B8: développer l'auto-organisation des syndicats et délégation aux équipes | C8: le plus tôt possible | D8: 10 | E8: Dissolution de l'asso | F8: directeur | G8: recentrage de mon activité sur l'enjeu écologique | H8: motivation et engagement au travail | I8: mon départ de l'asso
A9: =IF('6-7) choix et ajustement'!A19<>"",'6-7) choix et ajustement'!A19,"") -> Appuyer les victoires d'écosyndicats de locataires | B9: Sensibiliser les locataires de l'asso sur l'enjeu des rénovations et trouver les locataires de passoires thermiques pour les aider à s'organiser. Recruter des organisateurs. | C9: dès maintenant | D9: 2000 | E9: Manque de financement et de RH | F9: directeur | G9: déjà convaincu | H9: Des victoires et des porte-paroles qui envoient | I9: être irremplaçable sur cette dynamique
A10: =IF('6-7) choix et ajustement'!A20<>"",'6-7) choix et ajustement'!A20,"") -> Appuyer les victoires d'écosyndicats de riverains d'agro-industrie polluante | B10: Besoin d'argent et de RH pour autonomiser ce que je fais sur les syndicats de payeurs de loyer et de chauffage et lancer des initiatives sur d'autres fronts ecosyndicaux. | C10: cet été | D10: 100 | F10: directeur | G10: un modèle économique et RH | H10: Des victoires à communiquer | I10: Ma démotivation
A11: =IF('6-7) choix et ajustement'!A21<>"",'6-7) choix et ajustement'!A21,"") -> Appuyer les victoires d'écosyndicats de cyclistes | C11: si opportunité | D11: 4 | F11: directeur
A12: =IF('6-7) choix et ajustement'!A22<>"",'6-7) choix et ajustement'!A22,"") -> Développer un mouvement et une école ecosyndicale à partir de la base militante écologique en France | C12: à partir du prochain festival écologiste | D12: 5 | F12: directeur
A13: =IF('6-7) choix et ajustement'!A23<>"",'6-7) choix et ajustement'!A23,"") -> Appuyer les syndicats de travailleurs | B13: Financement du ReAct | C13: selon opportunités | D13: 30 | F13: directeur AC et directrice ReAct | G13: Un modèle à promouvoir dans le milieu syndical du travail | H13: Des victoires à communiquer | I13: Mon départ
A14: =IF('6-7) choix et ajustement'!A24<>"",'6-7) choix et ajustement'!A24,"") -> Dringues (soirée avec mélange de fête et de drague) dans le réseau militant | B14: temps et organisation | C14: dès que j'ai remis ma vie sur les rails | D14: 6 | E14: avoir une relation exclusive | F14: moi | G14: Besoin de fun et d'amour | H14: Des moments mémorables | I14: ennui
A15: =IF('6-7) choix et ajustement'!A25<>"",'6-7) choix et ajustement'!A25,"") -> Dates et histoires amoureuses avec des personnes qui peuvent apporter à ma cause | B15: temps et motivation | D15: 3 | E15: mauvais timing | F15: moi | G15: Besoin d'amour | H15: de belles personnes à rencontrer | I15: solitude
A16: =IF('6-7) choix et ajustement'!A26<>"",'6-7) choix et ajustement'!A26,"") -> Développer mon blog avec plus d'articles sur ma cause | B16: Bon choix d'article | C16: les soirs de semaines, publication les midis | D16: 0 | E16: Diminution des visites | F16: les lecteurs | G16: contenu inédit et intelligent | H16: impacte + sur sa vie | I16: suspens (déçu s'ils ont pas l'info)
A17: =IF('6-7) choix et ajustement'!A27<>"",'6-7) choix et ajustement'!A27,"") -> Lire des livres | B17: Choisir ça plutôt que les écrans | C17: les soirs et weekend | D17: 0 | E17: autres intérêts | F17: moi | G17: meilleur sommeil | H17: plaisir | I17: culpabilité
A18: =IF('6-7) choix et ajustement'!A28<>"",'6-7) choix et ajustement'!A28,"") -> Partager ma vie avec quelqu'un que j'aime et qui rejoint ma cause | B18: Trouver la bonne personne au bon moment et qui ne désire pas ou plus d'enfants | C18: Quand ça se fera | D18: 0 | E18: OK avec le célibat | F18: elle | G18: mon corps, mon énergie, ma personnalité, mon humour, mon activité qui fait sens, nos envies communes | H18: stimulation, structuration, reconnaissance | I18: Passer à côté d'une personne qui va avoir un impact considérablement positif sur sa vie
A19: =IF('6-7) choix et ajustement'!A29<>"",'6-7) choix et ajustement'!A29,"") -> Investir mon argent dans des placements et des actions écologiques | B19: Savoir où investir | C19: cet été-automne | D19: 0 | E19: Grosse perte d'argent | F19: moi | G19: un bon placement | H19: fierté | I19: Inflation
A20: =IF('6-7) choix et ajustement'!A30<>"",'6-7) choix et ajustement'!A30,"") -> Vendre ma voiture et m'organiser en vélo, en train et covoiturage | B20: assurer la faisabilité des alternatives en cas de pluie et de neiges | C20: cet été | D20: 1 | E20: impossibilité de vendre ma voiture | F20: acheteur | G20: faible conso de ma voiture (4,6 l/100) | H20: prix attractif | I20: prix attractif à prendre tout de suite ou à laisser
A21: =IF('6-7) choix et ajustement'!A32<>"",'6-7) choix et ajustement'!A32,"") -> Déménager dans un colloc avec des personnes politisées | B21: Trouver la bonne colloc et louer mon appart | C21: à la rentrée | D21: 6 | E21: Inertie perso ou aménagement en couple | F21: moi | G21: je suis extraverti et j'aime les gens | H21: économie et meilleur lieu, plus calme | I21: passer à côté d'une nouvelle expérience de vie
A22: =IF('6-7) choix et ajustement'!A31<>"",'6-7) choix et ajustement'!A31,"") -> Devenir végétarien et réduire significativement le sucre | B22: Capacité de volition | C22: dès maintenant | D22: 0 | E22: pressions extérieures | F22: moi | G22: alignement avec ma cause | H22: reconnaissance sociale des écologistes | I22: mauvaise santé
A23: =IF('6-7) choix et ajustement'!A33<>"",'6-7) choix et ajustement'!A33,"")
A24: =IF('6-7) choix et ajustement'!A34<>"",'6-7) choix et ajustement'!A34,"")
A25: =IF('6-7) choix et ajustement'!A35<>"",'6-7) choix et ajustement'!A35,"")
A26: =IF('6-7) choix et ajustement'!A36<>"",'6-7) choix et ajustement'!A36,"")
A27: =IF('6-7) choix et ajustement'!A37<>"",'6-7) choix et ajustement'!A37,"")
A28: =IF('6-7) choix et ajustement'!A38<>"",'6-7) choix et ajustement'!A38,"")
A29: =IF('6-7) choix et ajustement'!A39<>"",'6-7) choix et ajustement'!A39,"")
A30: =IF('6-7) choix et ajustement'!A40<>"",'6-7) choix et ajustement'!A40,"")
A31: =IF('6-7) choix et ajustement'!A41<>"",'6-7) choix et ajustement'!A41,"")
A32: =IF('6-7) choix et ajustement'!A42<>"",'6-7) choix et ajustement'!A42,"")
A33: =IF('6-7) choix et ajustement'!A43<>"",'6-7) choix et ajustement'!A43,"")
A34: =IF('6-7) choix et ajustement'!A44<>"",'6-7) choix et ajustement'!A44,"")
... A100: =IF('6-7) choix et ajustement'!A110<>"",'6-7) choix et ajustement'!A110,"")
